 Dungeon Crawl Stone Soup version 0.24-a0-368-g0e0cebd0f3 (webtiles) character file.

Game seed: 4413990068280447260

193 MisterFreud the Conjurer (level 5, 0/31 HPs)
             Began as an Octopode Fire Elementalist on May 29, 2019.
             Slain by an orc
             ... wielding a +0 trident
              (6 damage)
             ... on level 3 of the Dungeon.
             The game lasted 00:14:23 (2946 turns).

MisterFreud the Conjurer (OpFE)                     Turns: 2946, Time: 00:14:25

Health: 0/31       AC:  1    Str:  7    XL:     5   Next: 72%
Magic:  8/9        EV: 13    Int: 18    God:
Gold:   119        SH:  0    Dex: 13    Spells: 1/9 levels left

rFire    + . .     SeeInvis .   c - +0 spear
rCold    x . .     Gourm    .   (no shield)
rNeg     . . .     Faith    .   (helmet restricted)
rPois    .         Spirit   .   f - amulet of regeneration
rElec    .         Reflect  .   j - ring of fire
rCorr    .         Harm     .   (no ring)
MR       .....                  (no ring)
Stlth    +++.......             (no ring)
HPRegen  0.50/turn              (no ring)
MPRegen  0.11/turn              (no ring)
                                (no ring)
                                (no ring)

@: slowed, very slow
A: almost no armour, stealthy swim, amphibious, 8 rings, constrict 8, camouflage
1, gelatinous body 1
a: no special abilities


You were on level 3 of the Dungeon.
You were not hungry.

You visited 1 branch of the dungeon, and saw 3 of its levels.

You collected 119 gold pieces.

Inventory:

Hand Weapons
 c - a +0 spear (weapon)
Missiles
 a - 45 sling bullets
 d - 21 poisoned darts
 g - 83 stones (quivered)
 o - 19 arrows
Jewellery
 f - an amulet of regeneration (around mantle)
 j - a ring of fire (left tentacle)
Scrolls
 l - a scroll of remove curse
Potions
 e - a potion of might
 h - a potion of resistance {unknown}
 i - a potion of heal wounds {unknown}
Comestibles
 b - 3 rations
 k - 5 chunks of flesh


   Skills:
 - Level 2.0 Dodging
 - Level 2.6 Stealth
 + Level 2.7 Spellcasting
 + Level 4.4 Conjurations
 + Level 3.6 Fire Magic


You had one spell level left.
You knew the following spells:

 Your Spells              Type           Power        Failure   Level  Hunger
a - Flame Tongue          Conj/Fire      ####.        3%          1    None
b - Conjure Flame         Conj/Fire      ####....     10%         3    ###....
c - Sticky Flame          Conj/Fire      ####....     30%         4    ####...

Your spell library contained the following spells:

 Spells                   Type           Power        Failure   Level  Hunger
 Throw Flame              Conj/Fire      ####..       4%          2    ##.....
 Inner Flame              Hex/Fire       ##......     24%         3    ###....
 Fireball                 Conj/Fire      ####......   65%         5    ######.


Dungeon Overview and Level Annotations

Branches:
Dungeon (3/15)

Altars:


Innate Abilities, Weirdness & Mutations

You cannot wear most types of armour.
You are very stealthy in the water. (Stealth+)
You are amphibious.
You can wear up to eight rings at the same time.
You can use your tentacles to constrict eight enemies at once.
Your skin changes colour to match your surroundings (Stealth+).
Your rubbery body absorbs attacks. (AC +1, EV +1)


Message History

The orc wizard gestures at you while chanting.
The magic dart hits you!
The orc wizard mumbles some strange words.
The orc wizard blinks!
The orc wizard casts a spell at you. The magic dart hits you!
* * * LOW HITPOINT WARNING * * *
Casting: Flame Tongue (safe; 3% risk of failure)
Confirm with . or Enter, or press ? or * to list all spells.
Aiming: Flame Tongue (safe; 3% risk of failure)
Press: ? - help, Shift-Dir - straight line, f - orc wizard
Aim: an orc wizard, wielding a +0 club and wearing a +0 robe (fast)
You feel a surge of power!
The flame tongue hits the orc wizard but does no damage.
The orc wizard hits you with a +0 club.
* * * LOW HITPOINT WARNING * * *
The orc barely misses you.
The orc wizard hits you but does no damage.
The orc hits you from afar with a +0 trident.
You die...

..#####.###!#......
....#..............#
#...#..........)...
##..#..............
##..#....[.........
..#.###.###.#......
.....##.# #.####<##
.....##.###.####o#
.....#........##@#
.....#..o.....##.#
..##..........##o###
#####.#.##..o...o..#
#...##.........#
##..##.........#
#..##.........#
#.>...........#
#####.........#


You could see an orc wizard and 2 orcs.

Vanquished Creatures
  A howler monkey (D:2)
  2 orc priests (D:3)
  An adder (D:2)
  An ooze (D:3)
  3 dart slugs
  2 leopard geckos
  4 orcs (D:3)
  7 bats
  5 giant cockroaches
  7 goblins
  6 hobgoblins
  4 jackals (D:2)
  8 kobolds
  A quokka (D:3)
  A ball python (D:1)
  5 frilled lizards
  8 rats
66 creatures vanquished.

Vanquished Creatures (others)
  An orc (D:3)
  A quokka (D:3)
2 creatures vanquished.

Grand Total: 68 creatures vanquished

Notes
Turn   | Place    | Note
-------+----------+-------------------------------------------
     0 | D:1      | MisterFreud the Octopode Fire Elementalist began the quest
                  | for the Orb.
     0 | D:1      | Reached XP level 1. HP: 11/11 MP: 3/3
   563 | D:1      | Reached skill level 2 in Conjurations
   563 | D:1      | Reached XP level 2. HP: 17/17 MP: 1/5
   905 | D:2      | Reached XP level 3. HP: 21/21 MP: 3/6
   985 | D:2      | Reached skill level 3 in Conjurations
   985 | D:2      | Reached XP level 4. HP: 27/27 MP: 3/7
  1381 | D:2      | Reached skill level 4 in Conjurations
  1426 | D:2      | Learned a level 3 spell: Conjure Flame
  2293 | D:3      | Reached XP level 5. HP: 6/31 MP: 2/8
  2889 | D:3      | Learned a level 4 spell: Sticky Flame
  2946 | D:3      | Slain by an orc

Levels and vault maps discovered:
D:1:      saegor_arrival_simple_a, layout_basic
D:2:      layout_rooms, serial_curves, eino_curves_01, eino_curves_01,
          eino_curves_04
D:3:      layout_basic, elyvilon_altar_4

Skill      XL: |  1  2  3  4 |
---------------+-------------+-----
Conjurations   | 2 3 4 |  4.4
Dodging        | |  2.0
Stealth        | |  2.6
Spellcasting   | |  2.7
Fire Magic     | |  3.6

Action                   |  1- 3 |  4- 6 || total
-------------------------+-------+-------++-------
Melee: Spear             |    20 |    79 ||    99
       Constrict         |     3 |    20 ||    23
       Tentacles         |       |     8 ||     8
 Cast: Flame Tongue      |    18 |    55 ||    73
       Conjure Flame     |       |     1 ||     1
  Use: Scroll            |       |     6 ||     6
 Stab: Sleeping          |     4 |     3 ||     7
  Eat: Chunk             |       |     7 ||     7
Armor: Skin              |       |     7 ||     7
Dodge: Dodged            |    16 |    69 ||    85

Table legend:
 A = Non-vault XP
 B = Vault XP
 C = Vault XP percentage of total XP
 D = Non-vault monster count
 E = Vault monster count
 F = Vault count percentage of total count
                 A         B        C        D         E       F
            +---------+---------+-------+---------+---------+-------
      Total |     277 |       0 |   0.0 |      66 |       0 |   0.0
            +---------+---------+-------+---------+---------+-------
        D:1 |      22 |       0 |   0.0 |      11 |       0 |   0.0
        D:2 |     127 |       0 |   0.0 |      31 |       0 |   0.0
        D:3 |     128 |       0 |   0.0 |      24 |       0 |   0.0
            +---------+---------+-------+---------+---------+-------
